 Dungeon Crawl Stone Soup version 0.13-a0-2301-g23820b6 (webtiles) character file.

114 Bruce the Grave Robber (level 3, -2/19 HPs)
             Began as a Deep Elf Necromancer on July 8, 2013.
             Slain by Jessica
             ... wielding a +8,+3 club
              (5 damage)
             ... on Level 2 of the Dungeon.
             The game lasted 00:03:01 (1579 turns).

Bruce the Grave Robber (Deep Elf Necromancer)       Turns: 1579, Time: 00:03:01

HP  -2/19        AC  3     Str  5      XL: 3   Next:  7%
MP   5/10        EV 13     Int 20      God:
Gold 83          SH  0     Dex 15      Spells:  3 memorised,  3 levels left

Res.Fire  : . . .   See Invis. : .   (no weapon)
Res.Cold  : . . .   Warding    : .   a - +0 elf robe
Life Prot.: . . .   Conserve   : .   (no shield)
Res.Poison: .       Res.Corr.  : .   k - +0 orc helmet
Res.Elec. : .       Clarity    : .   (no cloak)
Sust.Abil.: . .     Spirit.Shd : .   (no gloves)
Res.Mut.  : .       Stasis     : .   (no boots)
Res.Rott. : .       Flight     : .   (no amulet)
Saprovore : . . .                    (no ring)
                                     (no ring)

@: slowed, very slow, slightly resistant to hostile enchantments, fairly
stealthy
A: no striking features
a: no special abilities


You were on level 2 of the Dungeon.
You were not hungry.

You visited 1 branch of the dungeon, and saw 2 of its levels.

You collected 63 gold pieces.

Inventory:

Hand weapons
 j - a +0,+0 dagger (quivered)
Armour
 a - a +0 elven robe (worn)
 k - a +0 orcish helmet (worn)
Comestibles
 c - 2 bread rations
 f - a banana
 l - a rotting chunk of hobgoblin flesh
 p - 9 strawberries
 q - 2 chunks of quokka flesh
Scrolls
 i - a scroll of random uselessness {unknown}
 m - 2 scrolls of identify {unknown}
 n - a scroll of enchant weapon II {unknown}
 r - a scroll of fear {unknown}
Jewellery
 g - a cursed ring of hunger {unknown}
Potions
 d - a potion of restore abilities {unknown}
 e - 2 potions of curing {unknown}
 h - a potion of resistance {unknown}
Books
 b - a book of Necromancy

   Spells                             Type                      Level
   *Pain                              Necromancy                   1
   *Animate Skeleton                  Necromancy                   1
   Lethal Infusion                    Charms/Necromancy            2
   Vampiric Draining                  Necromancy                   3
   *Regeneration                      Charms/Necromancy            3
   Animate Dead                       Necromancy                   4
   Control Undead                     Necromancy                   4


   Skills:
 - Level 2.4 Dodging
 - Level 2.4 Stealth
 * Level 3.1 Spellcasting
 + Level 5.4 Necromancy


You had 3 spell levels left.
You knew the following spells:

 Your Spells              Type           Power        Failure   Level  Hunger
a - Pain                  Necr           ####         1%          1    None
b - Animate Skeleton      Necr           N/A          1%          1    None
c - Regeneration          Chrm/Necr      ##........   14%         3    ###....


Dungeon Overview and Level Annotations

Branches:
Dungeon (2/27)

Altars:
Okawaru

Annotations
D:2 Jessica, Sigmund


Message History

Confirm with . or Enter, or press ? or * to list all spells.
Aiming: Pain
Press: ? - help, Shift-Dir - straight line, f/p - Jessica
Aim: Jessica, wielding a club and wearing a glowing robe (heavily wounded, moving very quickly) Jessica convulses in agony!
Jessica drinks a potion.
Jessica is healed!
Casting: Pain
Confirm with . or Enter, or press ? or * to list all spells.
Aiming: Pain
Press: ? - help, Shift-Dir - straight line, f/p - Jessica
Aim: Jessica, wielding a club and wearing a glowing robe (moving very quickly) Jessica struggles to resist.
Jessica hits you with a club.
* * * LOW HITPOINT WARNING * * *
Jessica misses you.
Casting: Pain
Confirm with . or Enter, or press ? or * to list all spells.
Aiming: Pain
Press: ? - help, Shift-Dir - straight line, f/p - Jessica
Aim: Jessica, wielding a club and wearing a glowing robe (moving very quickly) Jessica convulses in agony!
Jessica hits you with a club.
You die...

#.............##.........
##'#############...<.....
#....###### ####.#####
####......# #... ######.#
##### #.# #########'###
#...........#
#.....@@....#
#...........#
#........>..+
#...........#
########+####


You could see Jessica.

Vanquished Creatures
  A worm (D:2)
  An ooze (D:1)
  A ball python (D:1)
  A giant cockroach (D:1)
  2 hobgoblins (D:1)
  2 jackals (D:1)
  3 kobolds
  A quokka (D:2)
  2 bats
  3 giant newts (D:1)
  4 goblins (D:1)
  3 rats
24 creatures vanquished.

Vanquished Creatures (others)
  A hobgoblin skeleton (D:2)
  A kobold skeleton (D:1)
  A quokka skeleton (D:2)
  2 rat skeletons
5 creatures vanquished.

Grand Total: 29 creatures vanquished

Notes
Turn   | Place    | Note
--------------------------------------------------------------
     0 | D:1      | Bruce, the Deep Elf Necromancer, began the quest for the Orb.
     0 | D:1      | Reached XP level 1. HP: 10/10 MP: 4/4
   120 | D:1      | Reached skill level 5 in Necromancy
   524 | D:1      | Reached XP level 2. HP: 13/15 MP: 5/7
   641 | D:1      | Learned a level 1 spell: Animate Skeleton
  1340 | D:2      | Found an iron altar of Okawaru.
  1383 | D:2      | Noticed Sigmund
  1463 | D:2      | Reached XP level 3. HP: 1/19 MP: 2/10
  1468 | D:2      | Learned a level 3 spell: Regeneration
  1572 | D:2      | Noticed Jessica
  1579 | D:2      | Slain by Jessica

Action                   || total
-------------------------++-------
 Cast: Pain              ||    50
       Animate Skeleton  ||     5
       Regeneration      ||     1
